 Dungeon Crawl Stone Soup version 0.28-a0-533-g9f97627e2a (webtiles) character file.

Game seed: 17596635368832124488

5 Gargoyl the Skirmisher (level 1, 0/23 HPs)
             Began as a Gnoll Abyssal Knight on Sept 25, 2021.
             Was an Initiate of Lugonu.
             Slain by a quokka (2 damage)
             ... on level 1 of the Dungeon.
             The game lasted 00:01:30 (288 turns).

Gargoyl the Skirmisher (Gnoll Abyssal Knight)        Turns: 288, Time: 00:01:30

Health: 0/23       AC:  3    Str: 12    XL:     1   Next: 80%
Magic:  3/3        EV: 12    Int:  9    God:    Lugonu [......]
Gold:   36         SH:  0    Dex: 12    Spells: 0/0 levels left

rFire   . . .      SeeInvis .   c - +6 great sword of the Briny Deep {pain, rN+ Will+}
rCold   . . .      Faith    .   (shield currently unavailable)
rNeg    + . .      Spirit   .   b - +0 leather armour
rPois   .          Reflect  .   (no helmet)
rElec   .          Harm     .   (no cloak)
rCorr   .          Rampage  .   (no gloves)
Will    +....                   (no boots)
Stlth   +.........              (no amulet)
HPRegen 0.07/turn               (no ring)
MPRegen 0.08/turn               (no ring)

@: no status effects
A: fangs 1, strong nose, distributed training
a: Renounce Religion


You were on level 1 of the Dungeon.
You worshipped Lugonu.
Lugonu was noncommittal.
You visited 1 branch of the dungeon, and saw 1 of its levels.
You visited the Abyss 1 time.

You collected 36 gold pieces.

Inventory:

Hand Weapons
 a - a +1 hand axe
 c - the +6 great sword of the Briny Deep (weapon) {pain, rN+ Will+}
   (You found it on level 2 of the Abyss)

   In the hands of one skilled in necromantic magic, it inflicts extra damage on
   living creatures.
   rN:        It protects you from negative energy.
   Will:      It increases your willpower.
Armour
 b - a +0 leather armour (worn)
Scrolls
 d - a scroll of immolation {unknown}


   Skills:
 + Level 6.4 Fighting
 + Level 0.1 Short Blades
 + Level 0.1 Long Blades
 + Level 4.4 Axes
 + Level 0.1 Maces & Flails
 + Level 0.1 Polearms
 + Level 0.1 Staves
 + Level 0.1 Slings
 + Level 0.1 Bows
 + Level 0.1 Crossbows
 + Level 0.1 Throwing
 + Level 4.4 Armour
 + Level 2.4 Dodging
 + Level 0.1 Stealth
 + Level 0.1 Shields
 + Level 0.1 Unarmed Combat
 + Level 0.1 Spellcasting
 + Level 0.1 Conjurations
 + Level 0.1 Hexes
 + Level 0.1 Summonings
 + Level 0.1 Necromancy
 + Level 0.1 Translocations
 + Level 0.1 Transmutations
 + Level 0.1 Fire Magic
 + Level 0.1 Ice Magic
 + Level 0.1 Air Magic
 + Level 0.1 Earth Magic
 + Level 0.1 Poison Magic
 + Level 4.4 Invocations
 + Level 0.1 Evocations


You couldn't memorise any spells.
You didn't know any spells.
Your spell library contained the following spells:

 Spells                   Type           Power      Damage    Failure   Level
 Ignite Poison            Fire/Tmut/Pois 0%         N/A       83%         3
 Mephitic Cloud           Conj/Pois/Air  0%         N/A       83%         3
 Freezing Cloud           Conj/Ice/Air   0%         6-21      100%        5


Dungeon Overview and Level Annotations

Branches:
Dungeon (1/15)

Altars:


Innate Abilities, Weirdness & Mutations

You have very sharp teeth.
Your uncanny sense of smell can sniff out nearby items.
Your experience applies equally to all skills.


Message History

You kill the bat!
Lugonu accepts your kill.
Unknown command.
You see here a bat corpse.
Unknown command.
A quokka and a goblin come into view.
Found 2 fuming red potions.
The goblin shouts!
There are monsters nearby!
There are monsters nearby!
The quokka misses you. The quokka bites you.
You barely miss the quokka. The quokka bites you.
The goblin hits you with a +0 club. The quokka closely misses you.
You miss the quokka. The goblin hits you with a +0 club.
The quokka bites you but does no damage.
The goblin closely misses you. The quokka bites you.
Unknown command.
You hit the quokka. Your bite misses the quokka.
The quokka is severely wounded.
The quokka barely misses you. The goblin hits you with a +0 club.
The quokka closely misses you.
You barely miss the quokka.
The quokka is severely wounded.
The goblin barely misses you. The quokka barely misses you.
The goblin misses you.
The quokka bites you but does no damage.
Unknown command.
You completely miss the quokka.
The quokka is severely wounded.
The goblin misses you. The quokka barely misses you.
The quokka bites you but does no damage.
The goblin hits you with a +0 club.
* * * LOW HITPOINT WARNING * * *
Unknown command.
You miss the quokka.
The quokka is severely wounded.
The quokka bites you.
* * * LOW HITPOINT WARNING * * *
The goblin closely misses you. The quokka bites you.
You die...

##. ....## ...
.....##
#.######.....# ##.#
.........+ ..#
∆##.......#
##g##!###.......#
##@r...##.#.....#
##.######.....†.#
#........####..##
#.#...#.#####..#####
#.....#.##.........>
#####.#.##.##..#####
#.#.##.##...####
.............#..
.#.....##...##.#


You could see a quokka and a goblin.

Vanquished Creatures
  An endoplasm (D:1)
  A hobgoblin (D:1)
  A quokka (D:1)
  2 bats (D:1)
5 creatures vanquished.

Notes
Turn   | Place    | Note
-------+----------+-------------------------------------------
     0 | Abyss:1  | Gargoyl the Gnoll Abyssal Knight began the quest for the
                  | Orb.
     0 | Abyss:1  | Reached XP level 1. HP: 23/23 MP: 3/3
   103 | Abyss:2  | Identified the +6 great sword of the Briny Deep {pain, rN+
                  | Will+}
   140 | Abyss:3  | Noticed a starcursed mass
   141 | D:1      | Escaped the Abyss
   288 | D:1      | Slain by a quokka

Illustrated notes

Levels and vault maps discovered:
D:1:      wheals_arrival_shading, layout_loops_corners,
          ebering_ecumenical_altar_webs, minmay_cut_off

Action                   || total
-------------------------++-------
Melee: Great sword       ||    13
Invok: Depart the Abyss  ||     1
  Use: Scroll            ||     1
       Potion            ||     1
Armor: Leather armour    ||    10
Dodge: Dodged            ||    19

Table legend: (Time is in decaauts)
 A = Elapsed time spent in this place.
 B = Non-inter-level travel time spent in this place.
 C = Inter-level travel time spent in this place.
 D = Time resting spent in this place.
 E = Time spent auto-exploring this place.
 F = Levels seen in this place.
 G = Mean time per level.
                   A        B        C        D        E       F      G
               +--------+--------+--------+--------+--------+-----+--------+
         Total |    295 |    295 |      0 |     40 |    174 |   4 |   73.8 |
       Dungeon |    155 |    155 |      0 |     35 |     78 |   1 |  155.0 |
         Abyss |    140 |    140 |      0 |      5 |     96 |   3 |   46.7 |
               +--------+--------+--------+--------+--------+-----+--------+

Top non-repeatable levels by time:
     D:1: 155 daAuts
 Abyss:1: 72 daAuts
 Abyss:2: 51 daAuts
 Abyss:3: 16 daAuts
